 Dungeon Crawl Stone Soup version 0.29-a0-541-gaf1fc19f1b (webtiles) character file.

Game seed: 14433097643128068004

6363 Charly the Cleaver (level 11, -6/97 HPs)
             Began as a Meteoran Gladiator on June 2, 2022.
             Was a Follower of Uskayaw.
             Shot with an arrow by a minotaur (30 damage)
             ... in a Gauntlet.
             The game lasted 00:52:24 (3250 turns).

Charly the Cleaver (Meteoran Gladiator)             Turns: 3250, Time: 00:52:25

Health: -6/97      AC: 17    Str: 29    XL:     11   Next: 39%
Magic:  19/19      EV: 12    Int:  9    God:    Uskayaw [*.....]
Gold:   457        SH:  0    Dex: 16    Spells: 10/10 levels left

rFire   . . .      SeeInvis .   a - +7 battleaxe (freeze)
rCold   . . .      Faith    .   (shield currently unavailable)
rNeg    . . .      Spirit   .   j - +4 ring mail of Submission {Will+ Regen+ Str+2}
rPois   +          Reflect  .   c - +2 helmet
rElec   .          Harm     .   E - +2 cloak {rPois}
rCorr   .          Rampage  .   q - +1 pair of gloves
Will    +....      NoTele   +   (no boots)
Stlth   +.........              (no amulet)
HPRegen 1.06/turn               n - +6 ring of strength
MPRegen 0.16/turn               (no ring)

@: weak-willed, glowing
A: sense surroundings 2, otherworldly, glowing, explore regen
a: Renounce Religion, Stomp


You were in a Gauntlet.
You worshipped Uskayaw.
Uskayaw was aware of your devotion.
You visited 2 branches of the dungeon, and saw 11 of its levels.
You also visited: Gauntlet.

You collected 457 gold pieces.

Inventory:

Hand Weapons
 a - a +7 battleaxe of freezing (weapon)
 b - a +0 battleaxe of flaming
 h - a +2 battleaxe of distortion
 p - a +4 hand axe
 r - a +2 flail of protection
 B - a +3 hand axe of freezing
Missiles
 e - 4 javelins
 y - 2 curare-tipped darts
Armour
 c - a +2 helmet (worn)
 j - the +4 ring mail of Submission (worn) {Will+ Regen+ Str+2}
   (You found it on level 2 of the Dungeon)

   Str:       It affects your strength (+2).
   Regen:     It increases your rate of health regeneration.
   Will:      It increases your willpower.
 q - a +1 pair of gloves (worn)
 s - a +0 cloak
 w - the +4 leather armour of Taiskuxot {rElec rPois rF- Int+9}
   (You found it on level 6 of the Dungeon)

   Int:       It affects your intelligence (+9).
   rF:        It makes you vulnerable to fire.
   rElec:     It insulates you from electricity.
   rPois:     It protects you from poison.
 D - a +1 chain mail of fire resistance
 E - a +2 cloak of poison resistance (worn)
Jewellery
 n - a +6 ring of strength (left hand)
Wands
 o - a wand of flame (13) (quivered)
 x - a wand of digging (6)
 A - a wand of polymorph (7)
 C - a wand of paralysis (5)
Scrolls
 g - 4 scrolls of poison
 k - 4 scrolls of blinking
 m - a scroll of silence
 u - a scroll of magic mapping
Potions
 d - a potion of curing
 i - 4 potions of brilliance
 l - a potion of cancellation
 t - a potion of heal wounds
 v - a potion of resistance
 z - a potion of flight
Miscellaneous
 F - a box of beasts


   Skills:
 + Level 9.2 Fighting
 * Level 14.1 Axes
 - Level 2.4 Throwing
 - Level 3.6 Dodging
 + Level 10.4 Invocations


You had 10 spell levels left.
You didn't know any spells.
Your spell library contained the following spells:

 Spells                   Type           Power      Damage    Failure   Level
 Fulminant Prism          Conj/Hex       0%         3d6       99%         4
 Iskenderun's Mystic Bla  Conj/Tloc      0%         2d3       99%         4
 Petrify                  Tmut/Erth      0%         N/A       99%         4
 Summon Lightning Spire   Summ/Air       0%         N/A       99%         4
 Lee's Rapid Deconstruct  Erth           0%         3d5*      100%        5
 Metabolic Englaciation   Hex/Ice        0%         N/A       100%        5
 Statue Form              Tmut/Erth      0%         N/A       100%        6
 Storm Form               Tmut/Air       0%         N/A       100%        7
 Maxwell's Capacitive Co  Air            0%         ∞         100%        8


Dungeon Overview and Level Annotations

Branches:
Dungeon (10/15)            Temple (0/1) D:5            Lair (1/6) D:9
Gauntlet (1/1)
    Orc: D:9-12

Altars:
Gozag
Nemelex Xobeh
Ru
Trog
Uskayaw
Vehumet
Xom
Zin

Annotations:
D:3 Grinder
D:9 1 runed translucent door, exclusion: orange crystal statue Gauntlet 1 transporter


Innate Abilities, Weirdness & Mutations

You passively map the area around you.
You are easily found by Zot.
You glow in the dark.
You regain HP and MP as you explore.


Message History

Aim: a minotaur, wielding a +0 falchion, wearing a +0 chain mail, wearing the ring "Lodaaf" {Slay+6 SInv} and quivering silver javelins (ally target) Attack!
The minotaur hits your catoblepas with a +0 falchion!
Your catoblepas dies!
Your catoblepas's corpse dissolves into shadows!
Okay, then.
Unknown command.
Okay, then.
Aiming: Polymorph
Press: ? - help, Shift-Dir - straight line, f/p - minotaur
Aim: a minotaur, wielding a +0 falchion, wearing a +0 chain mail, wearing the ring "Lodaaf" {Slay+6 SInv} and quivering silver javelins (will become a quicksilver ooze, a ghost moth, or a boulder beetle, chance to affect: 1%)
Okay, then.
Unknown command.
Okay, then.
Okay, then.
Okay, then.
Okay, then.
Unknown command.
Press: ? - help, v - describe, . - travel
Here: a minotaur, wielding a +0 falchion, wearing a +0 chain mail, wearing the ring "Lodaaf" {Slay+6 SInv} and quivering silver javelins The floor.
Unknown command.
Unknown command.
Blink to where?
Press: ? - help, Dir - move target, p - minotaur
As you read the scroll of blinking, it crumbles to dust.
The minotaur unwields a +0 falchion.
The minotaur wields the +8 longbow "Zephyr" {speed, Dex+3 SInv}.
The minotaur shoots an arrow.
The arrow hits you!!
* * * LOW HITPOINT WARNING * * *
You feel much better.
C - a wand of paralysis (5);
k - 4 scrolls of blinking (gained 1)
F - a box of beasts The minotaur shoots an arrow.
The arrow hits you!!
* * * LOW HITPOINT WARNING * * *
Really read the scroll of vulnerability?
As you read the scroll of vulnerability, it crumbles to dust.
Magic quickly surges around you.
The minotaur shoots an arrow.
The arrow hits you!!
You die...

* * * , ** , ###
.. * * *#@#*.# *
, #.##.#* * ,.
#H#.. *, #. #.#.#
*.##.###'#.##.###
...............#
##.##.##.##.##.*
*##.##.##.##.##.#
*...............#


You could see a minotaur (weak-willed).

Vanquished Creatures
  A manticore (D:9)
  An oklob plant (Gauntlet)
  An apocalypse crab (Gauntlet)
  A polar bear (shapeshifter) (Gauntlet)
  A troll (shapeshifter) (Gauntlet)
  A hornet (D:9)
  2 yaks (D:9)
  Eustachio (D:6)
  A fire bat (Gauntlet)
  2 steam dragons (D:7)
  A warg (shapeshifter) (Gauntlet)
  An acid dragon (Gauntlet)
  6 water moccasins
  A black bear (D:9)
  2 orc warriors
  2 centaurs
  A gnoll sergeant (D:8)
  A necrophage (D:7)
  3 kobold brigands
  4 scorpions
  2 bullfrogs
  10 wights
  5 howler monkeys
  5 jellies
  6 orc priests
  2 gnoll shamans
  4 iguanas
  Natasha (twice) (D:3)
  12 orc wizards
  16 gnolls
  2 adders
  2 shadow imps (D:5)
  3 white imps
  2 ufetubi (D:7)
  A worm (D:2)
  A dart slug (D:1)
  29 orcs
  3 endoplasms
  A giant cockroach (D:4)
  6 goblins
  A hobgoblin (D:3)
  3 jackals (D:2)
  A quokka (D:3)
  3 ball pythons
  A bat (D:1)
  A frilled lizard (D:1)
  13 kobolds
  A rat (D:2)
172 creatures vanquished.

Vanquished Creatures (others)
  20 fungi (D:9)
  11 plants
31 creatures vanquished.

Grand Total: 203 creatures vanquished

Notes
Turn   | Place    | Note
-------+----------+-------------------------------------------
     0 | D:1      | Charly the Meteoran Gladiator began the quest for the Orb.
     0 | D:1      | Reached XP level 1. HP: 17/17 MP: 2/2
   289 | D:1      | Reached skill level 4 in Axes
   289 | D:1      | Reached XP level 2. HP: 25/25 MP: 3/3
   314 | D:2      | Identified the +4 ring mail of Submission {Will+ Regen+
                  | Str+2}
   418 | D:2      | Found a hide-covered altar of Uskayaw.
   427 | D:2      | Became a worshipper of Uskayaw the Reveller
   487 | D:1      | Reached * piety under Uskayaw
   656 | D:3      | Reached XP level 3. HP: 30/30 MP: 4/4
   668 | D:3      | Reached ** piety under Uskayaw
   674 | D:3      | Noticed Natasha
   680 | D:3      | Killed Natasha
   681 | D:3      | Reached skill level 1 in Invocations
   681 | D:3      | Reached XP level 4. HP: 38/38 MP: 5/5
   700 | D:3      | Noticed Natasha
   702 | D:3      | Noticed a black bear
   710 | D:3      | Killed Natasha
   710 | D:3      | Reached *** piety under Uskayaw
   711 | D:3      | Reached skill level 5 in Axes
   809 | D:3      | Reached XP level 5. HP: 45/45 MP: 7/7
   820 | D:3      | Noticed Grinder
   968 | D:4      | Reached XP level 6. HP: 26/50 MP: 8/8
   974 | D:4      | Reached **** piety under Uskayaw
   998 | D:4      | Reached skill level 6 in Axes
  1057 | D:5      | Entered Level 5 of the Dungeon
  1100 | D:5      | Reached XP level 7. HP: 55/59 MP: 10/10
  1125 | D:5      | Found a staircase to the Ecumenical Temple.
  1291 | D:5      | Reached skill level 7 in Axes
  1345 | D:6      | Noticed a water moccasin
  1355 | D:6      | Killed a water moccasin
  1356 | D:6      | Reached XP level 8. HP: 55/67 MP: 12/12
  1367 | D:6      | Identified the +4 leather armour of Taiskuxot {rElec rPois
                  | rF- Int+9}
  1379 | D:6      | Noticed Eustachio
  1417 | D:6      | Reached ***** piety under Uskayaw
  1429 | D:6      | Killed Eustachio
  1430 | D:6      | Reached skill level 5 in Fighting
  1430 | D:6      | Reached skill level 8 in Axes
  1430 | D:6      | Reached skill level 5 in Invocations
  1567 | D:6      | Reached skill level 9 in Axes
  1579 | D:6      | Found an opulent altar of Gozag.
  1642 | D:7      | Noticed a hornet
  1647 | D:7      | Paralysed by a hornet for 2 turns
  1652 | D:7      | Paralysed by a hornet for 1 turns
  1673 | D:7      | Gained mutation: You passively map the area around you.
                  | [Meteoran growth]
  1673 | D:7      | Reached XP level 9. HP: 50/75 MP: 14/14
  1793 | D:7      | Reached skill level 10 in Axes
  1947 | D:7      | a hornet changed into a swamp drake
  2116 | D:8      | Reached skill level 11 in Axes
  2168 | D:9      | Reached XP level 10. HP: 55/86 MP: 16/16
  2270 | D:9      | Found a sparkling altar of Nemelex Xobeh.
  2270 | D:9      | Found a sacrificial altar of Ru.
  2424 | D:8      | Found a radiant altar of Vehumet.
  2424 | D:8      | Found a glowing silver altar of Zin.
  2424 | D:8      | Found a shimmering altar of Xom.
  2531 | D:9      | Reached skill level 12 in Axes
  2543 | D:9      | Found a staircase to the Lair.
  2595 | D:10     | Entered Level 10 of the Dungeon
  2743 | D:9      | Found a bloodstained altar of Trog.
  2818 | D:9      | Noticed a manticore
  2821 | D:9      | Killed a manticore
  2822 | D:9      | Reached skill level 13 in Axes
  2822 | D:9      | Reached XP level 11. HP: 90/95 MP: 19/19
  2949 | D:9      | Found a runed translucent door.
  2954 | D:9      | Noticed an orange crystal statue
  2962 | D:9      | Found a runed translucent door.
  2969 | D:9      | Found a runed translucent door.
  3138 | Lair:1   | Entered Level 1 of the Lair of Beasts
  3138 | Lair:1   | Found a gate leading to a gauntlet.
  3145 | Gauntlet | Entered a Gauntlet
  3145 | Gauntlet | Found a transporter.
  3146 | Gauntlet | Noticed an oklob plant
  3151 | Gauntlet | Found a transporter.
  3155 | Gauntlet | Killed an oklob plant
  3156 | Gauntlet | Reached skill level 10 in Invocations
  3165 | Gauntlet | Found a transporter.
  3173 | Gauntlet | Noticed an apocalypse crab
  3173 | Gauntlet | Noticed an apocalypse crab
  3173 | Gauntlet | Found a transporter.
  3173 | Gauntlet | Found a transporter.
  3173 | Gauntlet | Found a transporter.
  3187 | Gauntlet | Found a runed translucent door.
  3195 | Gauntlet | Found a runed translucent door.
  3201 | Gauntlet | Found a transporter.
  3207 | Gauntlet | Killed an apocalypse crab
  3208 | Gauntlet | Reached skill level 14 in Axes
  3237 | Gauntlet | Identified the ring "Lodaaf" {Slay+6 SInv}
  3237 | Gauntlet | Noticed a minotaur
  3250 | Gauntlet | Shot with an arrow by a minotaur

Illustrated notes

Levels and vault maps discovered:
D:1:      dpeg_arrival_circle_labyrinth_c, layout_loops_corners,
          shapermc_ecumenical_altar_acropolis, minmay_hedge_maze
D:2:      layout_basic, basic_altar
D:3:      layout_basic, serial_bayou_pond_a, minmay_splitting_lines,
          uniq_grinder, uniq_ijyb, uniq_natasha, uniq_crazy_yiuf_cottage
D:4:      layout_rooms, minmay_strange_pillars
D:5:      layout_rooms, lemuel_coloured_pillars_altar,
          minmay_temple_entry_water_ring, uniq_duvessa
D:6:      layout_loops_cross, grunt_gozag_breadcrumbs, uniq_eustachio
D:7:      layout_loops_ring, marbit_many_paths, lightli_orcish_oven
D:8:      layout_basic, minitemple
D:9:      layout_grid_maze, amcnicky_altar_gilded,
          gammafunk_temple_overflow_wave, due_lair_maze_entry_diamond,
          minmay_statue_crystal_thing
D:10:     layout_loops_ring, orc_david_3
Lair:1:   minmay_lair_oklob_chamber, layout_long_grid, gauntlet_entry_generic,
          serial_bayou_shore_a, grunt_megastairs_4, lemuel_fruit_tree
Gauntlet: minmay_gauntlet_77_tree [minmay_gauntlet_arena_77_mess,
          minmay_gauntlet_arena_77_terracotta_army,
          minmay_gauntlet_arena_77_braids, minmay_gauntlet_arena_77_cramped,
          minmay_gauntlet_arena_77_checkered,
          minmay_gauntlet_arena_77_hold_the_fort,
          minmay_gauntlet_arena_77_squiggly, gauntlet_exit_green]

Skill      XL: |  1  2  3  4  5  6  7  8  9 10 11 |
---------------+----------------------------------+-----
Axes           | 4 5 6 7 9 11 13 14 | 14.1
Fighting       | 3 4 5 7 8 9 |  9.2
Invocations    | 1 2 3 4 6 7 9 10 | 10.4
Throwing       | |  2.4
Dodging        | |  3.6

Action                   |  1- 3 |  4- 6 |  7- 9 | 10-12 || total
-------------------------+-------+-------+-------+-------++-------
Melee: War axe           |    39 |       |       |       ||    39
       Hand axe          |       |    65 |   189 |    86 ||   340
       Punch             |       |     1 |     3 |     1 ||     5
       Battleaxe         |       |       |       |    43 ||    43
Throw: Throwing net      |     2 |     4 |       |       ||     6
       Javelin           |       |       |     5 |       ||     5
Invok: Stomp             |       |     2 |     1 |     2 ||     5
       Line Pass         |       |       |     2 |       ||     2
Evoke: Wand              |       |       |    22 |     3 ||    25
  Use: Scroll            |     1 |     4 |    16 |    10 ||    31
       Potion            |       |       |     1 |     1 ||     2
 Stab: Paralysed         |       |     7 |    20 |    11 ||    38
       Confused          |       |       |     1 |       ||     1
Armor: Leather armour    |     1 |       |       |       ||     1
       Ring mail         |    17 |    74 |   125 |    81 ||   297
Dodge: Dodged            |    15 |    66 |   131 |    62 ||   274

Table legend: (Time is in decaauts)
 A = Elapsed time spent in this place.
 B = Non-inter-level travel time spent in this place.
 C = Inter-level travel time spent in this place.
 D = Time resting spent in this place.
 E = Time spent auto-exploring this place.
 F = Levels seen in this place.
 G = Mean time per level.
                   A        B        C        D        E       F      G
               +--------+--------+--------+--------+--------+-----+--------+
         Total |   3236 |   3201 |     35 |      0 |      0 |  12 |  269.7 |
       Dungeon |   3124 |   3089 |     35 |      0 |      0 |  10 |  312.4 |
          Lair |      6 |      6 |      0 |      0 |      0 |   1 |    6.0 |
      Gauntlet |    105 |    105 |      0 |      0 |      0 |   1 |  105.0 |
               +--------+--------+--------+--------+--------+-----+--------+

Top non-repeatable levels by time:
     D:9: 771 daAuts
     D:7: 397 daAuts
     D:2: 363 daAuts
     D:4: 317 daAuts
     D:1: 309 daAuts
     D:8: 279 daAuts
     D:5: 253 daAuts
     D:6: 251 daAuts
     D:3: 177 daAuts
Gauntlet: 105 daAuts
  Lair:1: 6 daAuts
    D:10: 1 daAuts
